 Dungeon Crawl Stone Soup version 0.28.0-53-g5a82cb258f (webtiles) character file.

Game seed: 4283663973975855754

24 Zeld the Conjurer (level 2, 0/15 HPs)
             Began as a Deep Elf Conjurer on May 24, 2022.
             Slain by an adder (5 damage)
             ... on level 2 of the Dungeon.
             The game lasted 00:01:32 (806 turns).

Zeld the Conjurer (Deep Elf Conjurer)                Turns: 806, Time: 00:01:33

Health: 0/15       AC:  2    Str:  4    XL:     2   Next: 79%
Magic:  7/8        EV: 12    Int: 22    God:
Gold:   68         SH:  0    Dex: 13    Spells: 7/8 levels left

rFire   . . .      SeeInvis .   (no weapon)
rCold   . . .      Faith    .   (no shield)
rNeg    . . .      Spirit   .   a - +0 robe
rPois   .          Reflect  .   (no helmet)
rElec   .          Harm     .   (no cloak)
rCorr   .          Rampage  .   (no gloves)
Will    .....                   (no boots)
Stlth   ++........              (no amulet)
HPRegen 0.05/turn               (no ring)
MPRegen 0.11/turn               (no ring)

@: no status effects
A: no striking features
a: no special abilities


You were on level 2 of the Dungeon.
You visited 1 branch of the dungeon, and saw 2 of its levels.

You collected 68 gold pieces.

Inventory:

Armour
 a - a +0 robe (worn)
Jewellery
 c - a ring of ice
Scrolls
 b - a scroll of fog {unknown}


   Skills:
 - Level 2.4 Dodging
 - Level 2.4 Stealth
 * Level 3.6 Spellcasting
 * Level 4.7 Conjurations
 + Level 1.2 Hexes
 + Level 1.0 Translocations


You had 7 spell levels left.
You knew the following spells:

 Your Spells              Type           Power      Damage    Failure   Level
a - Magic Dart            Conj           96%        1d7       1%          1

Your spell library contained the following spells:

 Spells                   Type           Power      Damage    Failure   Level
 Searing Ray              Conj           48%        2d6       2%          2
 Dazzling Flash           Conj/Hex       34%        N/A       11%         3
 Gell's Gravitas          Tloc           8%         N/A       24%         3
 Teleport Other           Tloc           8%         N/A       24%         3
 Fulminant Prism          Conj/Hex       8%         3d7       34%         4
 Iskenderun's Mystic Bla  Conj/Tloc      16%        2d5       34%         4
 Dispersal                Tloc           4%         N/A       100%        6


Dungeon Overview and Level Annotations

Branches:
Dungeon (2/15)

Altars:


Message History

Aim: a giant cockroach (asleep, 100% to hit)
The magic dart hits the giant cockroach but does no damage.
Unknown command.
Casting: Magic Dart (safe; 1% risk of failure)
Confirm with . or Enter, or press ? or * to list all spells.
Aiming: Magic Dart (safe; 1% risk of failure)
Press: ? - help, Shift-Dir - straight line, f/p - giant cockroach
Aim: a giant cockroach (100% to hit)
The magic dart hits the giant cockroach.
You kill the giant cockroach!
Your Translocations skill increases to level 1!
Unknown command.
Casting: Magic Dart (safe; 1% risk of failure)
Confirm with . or Enter, or press ? or * to list all spells.
You can't see any susceptible monsters within range! (Use Z to cast anyway.) Unknown command.
You now have 68 gold pieces (gained 16).
An adder comes into view.
An adder is nearby!
An adder is nearby!
Search for what [Enter for "armor", or ? for help]?
Casting: Magic Dart (safe; 1% risk of failure)
Confirm with . or Enter, or press ? or * to list all spells.
You don't know that spell.
The adder bites you.
Casting: Magic Dart (safe; 1% risk of failure)
Confirm with . or Enter, or press ? or * to list all spells.
You don't know that spell.
The adder bites you.
Unknown command.
The adder bites you.
Casting: Magic Dart (safe; 1% risk of failure)
Confirm with . or Enter, or press ? or * to list all spells.
Aiming: Magic Dart (safe; 1% risk of failure)
Press: ? - help, Shift-Dir - straight line, f - adder
Aim: an adder (100% to hit)
The magic dart hits the adder.
The adder is heavily wounded.
The adder bites you.
You die...

### #.# #.. #.# #.#
#.####### ###.#.....#
########.......#@#
...............+.S......
####...........#.#......
#.....###+#.#.#..####
####.....# #.#.# .#
......)..# #.#.# .#
####.....# #.#.# #
.†....# #.# .....###


You could see an adder.

Vanquished Creatures
  3 endoplasms
  2 giant cockroaches
  4 goblins
  2 hobgoblins (D:1)
  A kobold (D:1)
  3 ball pythons (D:1)
  4 bats (D:1)
19 creatures vanquished.

Notes
Turn   | Place    | Note
-------+----------+-------------------------------------------
     0 | D:1      | Zeld the Deep Elf Conjurer began the quest for the Orb.
     0 | D:1      | Reached XP level 1. HP: 10/10 MP: 6/6
   314 | D:1      | Reached XP level 2. HP: 15/15 MP: 5/8
   358 | D:1      | Found a faded altar of an unknown god.
   536 | D:1      | Reached skill level 1 in Hexes
   763 | D:2      | Reached skill level 1 in Translocations
   806 | D:2      | Slain by an adder

Illustrated notes

Levels and vault maps discovered:
D:1:      nagdon_arrival_zigzag_paths, layout_basic,
          shapermc_ecumenical_altar_starsandcircs, minmay_misc_feat_plants
D:2:      layout_basic

Skill      XL: |  1  2 |
---------------+-------+-----
Hexes          | 1 |  1.2
Translocations | 1 |  1.0
Dodging        | |  2.4
Stealth        | |  2.4
Spellcasting   | |  3.6
Conjurations   | |  4.7

Action                   || total
-------------------------++-------
Melee: Unarmed           ||     4
       Punch             ||     1
 Cast: Magic Dart        ||    36
Armor: Robe              ||     9
Dodge: Dodged            ||    10
